Map: Orbital Shipyard

Players

LoseYourself

  • Race: Zerg Zerg
  • League: Master

Miszu - Winner!

  • Race: Terran Terran
  • League: Grandmaster

VOD

Have the link to the VOD?

Description

Time

  • Played on: Feb. 14, 2016, 7:31 a.m.
  • Length: 10:26
Show
View Real Time Build Order
Export as new Build Order

LoseYourself Zerg 

Build Orders: Hatch First 

Get SALT Encoding   

  12  0:01  Drone  
  13  0:09  Drone  
  14  0:17  Overlord  
  14  0:29  Extractor  
  14  0:30  Drone  
  15  0:41  Drone x2  
  17  0:55  Hatchery  
  16  0:57  Drone  
  16  1:01  Drone  
  18  1:12  Extractor  
  18  1:16  Spawning Pool  
  16  1:19  Drone  
  16  1:22  Drone  
  18  1:28  Drone  
  19  1:38  Overlord  
  19  2:02  Queen  
  19  2:03  Zergling x4  
  19  2:06  Roach Warren  
  19  2:08  Queen  
  24  2:22  Drone  
  25  2:43  Queen  
  27  2:47  Roach x3  
  33  3:01  Roach  
  35  3:12  Roach x2  
  35  3:34  Ravager  
  35  3:38  Overlord  
  35  3:48  Overlord  
  35  3:55  Queen  
  35  3:57  Hatchery  
  35  3:59  Ravager  
  35  4:01  Drone  
  35  4:02  Extractor, Drone x2  
  40  4:05  Queen  
  41  4:20  Roach x3  
  47  4:27  Roach  
  49  4:34  Roach  
  51  4:51  Ravager  
  48  5:09  Roach x4  
  52  5:23  Roach x3  
  52  5:36  Roach x3  
  49  5:49  Drone x5  
  46  5:54  Metabolic Boost  
  44  6:04  Drone x2  
  42  6:11  Drone x2  
  44  6:16  Drone x2  
  46  6:19  Ravager  
  47  6:26  Drone x3  
  47  6:27  Ravager  
  51  6:33  Drone  
  52  6:44  Overlord  
  52  6:55  Hatchery  
  52  7:03  Hatchery  
  52  7:07  Roach x3  
  52  7:08  Roach  
  55  7:15  Roach x2  
  55  7:31  Roach x3  
  56  7:45  Drone x4  
  60  7:56  Overlord  
  60  7:58  Overlord  
  60  8:04  Hatchery  
  59  8:10  Overlord x2  
  59  8:19  Drone x3  
  62  8:21  Queen  
  64  8:35  Lair  
  64  8:36  Drone x2  
  66  8:45  Overlord x3  
  66  8:49  Drone  
  66  8:50  Drone  
  66  8:52  Drone  
  69  8:57  Drone  
  70  9:04  Drone  
  70  9:09  Extractor  
  70  9:14  Drone  
  70  9:15  Drone x4, Evolution Chamber  
  74  9:18  Queen  
  74  9:19  Drone  
  74  9:23  Drone  
  78  9:33  Ravager x2  
  78  9:38  Roach x3  
  86  9:40  Zergling x2  
  86  9:41  Zergling x6  
  86  9:45  Overlord  
  90  9:54  Zergling x6  
  87  10:07  Roach  
Show
View Real Time Build Order
Export as new Build Order

Miszu Terran - Winner!

Build Orders:  

Get SALT Encoding   

  12  0:01  SCV  
  13  0:13  SCV  
  14  0:18  Supply Depot  
  14  0:25  SCV  
  15  0:40  SCV  
  15  0:41  Barracks  
  16  0:43  Refinery  
  16  0:52  SCV  
  17  0:59  Barracks  
  17  1:05  SCV  
  18  1:18  SCV  
  19  1:30  Orbital Command  
  19  1:32  Barracks  
  19  1:35  Reaper  
  20  1:46  Supply Depot  
  20  1:47  Reaper  
  21  1:55  SCV  
  21  2:00  Refinery  
  22  2:07  SCV  
  22  2:08  Reaper  
  24  2:15  Supply Depot  
  24  2:19  SCV  
  25  2:23  Reaper  
  26  2:31  SCV  
  27  2:40  Reaper  
  27  2:44  SCV  
  29  2:45  Reaper  
  30  2:54  Command Center  
  30  2:56  Reaper, SCV  
  32  3:15  Reaper  
  32  3:16  SCV  
  32  3:19  Reaper  
  35  3:25  Supply Depot  
  35  3:28  SCV  
  36  3:39  Supply Depot x2  
  36  3:46  Reaper, SCV  
  37  3:49  Reaper  
  37  3:50  Bunker  
  37  3:51  Reaper  
  39  3:58  SCV  
  39  4:07  Factory  
  39  4:20  Supply Depot  
  39  4:26  Supply Depot  
  41  4:32  Reaper x2  
  41  4:34  SCV  
  41  4:35  Orbital Command  
  41  4:53  Reaper  
  41  4:54  SCV  
  43  5:04  Reaper  
  43  5:12  Factory Tech Lab  
  41  5:45  Reaper x3, SCV  
  41  5:46  SCV  
  41  5:49  Siege Tank  
  49  5:57  SCV  
  49  5:58  SCV  
  51  6:09  SCV  
  51  6:10  SCV  
  53  6:11  Refinery x2  
  53  6:13  Command Center  
  53  6:15  Barracks  
  53  6:17  Barracks  
  53  6:18  Marine  
  56  6:21  SCV  
  56  6:22  SCV  
  56  6:26  Siege Tank  
  59  6:33  SCV  
  59  6:34  SCV  
  59  6:39  Marine x2  
  60  6:45  Engineering Bay  
  60  6:46  Barracks, SCV x2  
  63  6:47  Engineering Bay, Barracks  
  63  6:57  Marine  
  63  6:58  SCV  
  63  7:01  Marine  
  69  7:15  Marine  
  70  7:19  Marine  
  68  7:33  Marine  
  68  7:36  Marine  
  67  7:43  Marine  
  68  7:46  Siege Tank  
  68  7:47  Barracks Tech Lab  
  68  7:50  Marine  
  67  7:52  Orbital Command  
  67  7:54  Marine, Barracks Tech Lab  
  68  8:00  Marine  
  68  8:04  Marine  
  68  8:05  Marine x2  
  71  8:07  Starport, Terran Infantry Weapons Level 1, Terran Infantry Armor Level 1  
  71  8:08  Marine  
  71  8:12  Marine  
  74  8:16  Marine  
  74  8:17  Combat Shields  
  74  8:18  Marine  
  74  8:19  Stimpack  
  76  8:20  Siege Tank  
  76  8:21  Marine  
  76  8:23  Marine x2  
  76  8:26  Marine  
  83  8:32  Barracks Reactor  
  83  8:34  Marine  
  83  8:36  Marine, Barracks  
  83  8:38  Barracks  
  83  8:39  Marine, Barracks  
  83  8:40  Marine  
  83  8:41  Marine  
  87  8:44  Marine  
  87  8:46  Medivac  
  91  8:52  Supply Depot, Marine  
  91  8:54  Supply Depot x2, Marine  
  93  8:56  Orbital Command  
  93  9:00  Supply Depot, Armory  
  93  9:14  Marine x5, Siege Tank  
  93  9:15  Supply Depot, Marine x3  
  104  9:18  Supply Depot, SCV  
  105  9:24  Medivac  
  105  9:31  SCV  
  108  9:32  Marine x5  
  108  9:33  Marine x3  
  116  9:39  SCV  
  116  9:41  SCV  
  116  9:44  SCV  
  119  9:49  Marine x2  
  119  9:51  Marine x3  
  119  9:52  Marine, SCV  
  126  9:53  SCV  
  126  9:57  Marine, SCV  
Tags
 
Add a new tag
Caveats
  • Supply blocks, unpowered buildings, or Contaminate may cause inaccurate times.
  • Supply counts are checked every 10 seconds.